 Dungeon Crawl Stone Soup version 0.23.2-40-g277498a001 (webtiles) character file.

Game seed: 17097198079608998364

303 FishyPogo the Skirmisher (level 6, -2/39 HPs)
             Began as a Gargoyle Gladiator on Oct 5, 2019.
             Was a Follower of Uskayaw.
             Killed by nerve-wracking pain
             ... invoked by Grinder
              (6 damage)
             ... on level 3 of the Dungeon.
             The game lasted 00:09:41 (1552 turns).

FishyPogo the Skirmisher (Gargoyle Gladiator)       Turns: 1552, Time: 00:09:42

Health: -2/39      AC:  8    Str: 20    XL:     6   Next: 38%
Magic:  7/7        EV: 12    Int:  8    God:    Uskayaw [*.....]
Gold:   72         SH:  0    Dex: 11    Spells: 5/5 levels left

rFire    . . .     SeeInvis .   a - +0 flail
rCold    . . .     Gourm    .   (no shield)
rNeg     + . .     Faith    .   b - +0 leather armour
rPois    ∞         Spirit   .   c - +0 helmet
rElec    +         Reflect  .   (no cloak)
rCorr    .         Harm     .   (no gloves)
MR       .....                  (no boots)
Stlth    +.........             k - amulet of rage
HPRegen  0.13/turn              (no ring)
MPRegen  0.10/turn              (no ring)

@: berserk cooldown, very slightly contaminated, slowed, invisible, very slow
A: negative energy resistance 1, electricity resistance, unbreathing,
petrification resistance, rot immunity, AC +4
a: Stomp, Renounce Religion, Evoke Berserk Rage


You were on level 3 of the Dungeon.
You worshipped Uskayaw.
Uskayaw was noncommittal.
You were hungry.

You visited 1 branch of the dungeon, and saw 3 of its levels.

You collected 72 gold pieces.

Inventory:

Hand Weapons
 a - a +0 flail (weapon)
Missiles
 d - 3 throwing nets
 j - 65 stones (quivered)
Armour
 b - a +0 leather armour (worn)
 c - a +0 helmet (worn)
Jewellery
 k - an amulet of rage (around neck)
Scrolls
 e - 2 scrolls of fog {unknown}
 g - a scroll of fear {unknown}
 i - a scroll of enchant weapon {unknown}
 l - a scroll of remove curse {unknown}
 o - a scroll of amnesia {unknown}
 q - a scroll of noise {unknown}
Potions
 n - a potion of curing
Comestibles
 f - 6 rations
 h - 12 chunks of flesh


   Skills:
 * Level 4.7 Fighting
 - Level 3.0 Maces & Flails
 + Level 3.0 Throwing
 + Level 2.3 Armour
 - Level 3.0 Dodging
 + Level 1.8 Evocations


You had 5 spell levels left.
You didn't know any spells.
Your spell library was empty.

Dungeon Overview and Level Annotations

Branches:
Dungeon (3/15)

Altars:
Dithmenos
Uskayaw
Yredelemnul

Annotations:
D:3 Grinder, Natasha


Innate Abilities, Weirdness & Mutations

You are resistant to torment.
Your stone body is resilient. (AC +4)
You are immune to poison.
You resist negative energy. (rN+)
You are resistant to electric shocks. (rElec)
You can survive without breathing.
You are immune to petrification.
You are immune to rotting.


Message History

You're still recovering from your berserk rage.
Natasha casts a spell at you. The magic dart hits you.
The leopard gecko barely misses you. Grinder hits you but does no damage.
Natasha stares at you and mumbles some strange words.
The magic dart hits you.
* * * LOW HITPOINT WARNING * * *
The leopard gecko closely misses you.
You fade into invisibility!
Grinder barely misses you. The leopard gecko misses you. Natasha misses you.
Grinder hits you but does no damage. The leopard gecko closely misses you.
You are very lightly contaminated with residual magic.
Natasha casts a spell at you. The magic dart hits you.
* * * LOW HITPOINT WARNING * * *
Grinder says, "I used to sell toenails on the black market."
Grinder hits you but does no damage. Grinder gestures at you.
Pain shoots through your body!
You die...

##÷..##....#.......#
#§÷..)..#....##.#####
..§....##.............#..
###._§..###÷.##...........
.###..§#..###.##..#....##...
............................
........#####....5hl.......
.....................######
.#......###.....@..#.#
#...........###......!.
#.....÷#.#####..#.......
##......<## #...>.#.###.
#......|.# ...##.....
#....##......... ......
##..#####.#...## ...... #..#
.#.#.. .##. #..# .# #
.......


You could see Grinder, Natasha and a leopard gecko.

Vanquished Creatures
  Sigmund (D:2)
  Jessica (D:2)
  5 adders
  An ooze (D:2)
  2 dart slugs (D:1)
  3 leopard geckos
  3 giant cockroaches
  3 goblins
  7 hobgoblins
  7 jackals
  12 kobolds
  A ball python (D:3)
  6 bats
  3 frilled lizards
  A jackal zombie (D:2)
  A quokka skeleton (D:3)
  6 rats
63 creatures vanquished.

Notes
Turn   | Place    | Note
-------+----------+-------------------------------------------
     0 | D:1      | FishyPogo the Gargoyle Gladiator began the quest for the
                  | Orb.
     0 | D:1      | Reached XP level 1. HP: 12/12 MP: 1/1
    80 | D:1      | Reached XP level 2. HP: 14/18 MP: 2/2
   293 | D:1      | Reached XP level 3. HP: 13/22 MP: 3/3
   472 | D:1      | Reached skill level 3 in Fighting
   793 | D:2      | Found a faded altar of an unknown god.
   800 | D:2      | Became a worshipper of Uskayaw the Reveler
   800 | D:2      | Reached * piety under Uskayaw
   825 | D:2      | Found a basalt altar of Yredelemnul.
   833 | D:2      | Reached ** piety under Uskayaw
   931 | D:2      | Noticed Jessica
   943 | D:2      | Killed Jessica
   943 | D:2      | Reached XP level 4. HP: 24/28 MP: 4/4
   951 | D:2      | Reached skill level 1 in Armour
  1020 | D:2      | Noticed Sigmund
  1170 | D:2      | Killed Sigmund
  1170 | D:2      | Reached skill level 4 in Fighting
  1170 | D:2      | Reached skill level 1 in Evocations
  1170 | D:2      | Reached XP level 5. HP: 34/34 MP: 2/6
  1170 | D:2      | Reached XP level 6. HP: 39/39 MP: 2/7
  1170 | D:2      | Reached *** piety under Uskayaw
  1303 | D:3      | Noticed Grinder
  1362 | D:3      | Found a shadowy altar of Dithmenos.
  1528 | D:3      | Paralysed by Grinder for 6 turns
  1539 | D:3      | Noticed Natasha
  1542 | D:3      | Paralysed by Grinder for 7 turns
  1552 | D:3      | Killed from afar by Grinder

Skill      XL: |  1  2  3  4  5  6 |
---------------+-------------------+-----
Throwing       | 2 3 |  3.0
Fighting       | 3 4 |  4.7
Dodging        | 3 |  3.0
Armour         | 2 |  2.3
Evocations     | 1 |  1.8
Maces & Flails | |  3.0

Action                   |  1- 3 |  4- 6 || total
-------------------------+-------+-------++-------
Melee: Flail             |   140 |    85 ||   225
Invok: Stomp             |     1 |     2 ||     3
 Abil: Evoke Berserk Rag |       |     3 ||     3
  Use: Potion            |       |     6 ||     6
 Stab: Paralysed         |       |     1 ||     1
  Eat: Chunk             |     1 |     4 ||     5
Armor: Leather armour    |    62 |    67 ||   129
Dodge: Dodged            |   119 |    84 ||   203
